 Dungeon Crawl Stone Soup version 0.30-a0-800-g7c544603b3 (webtiles) character file.

Game seed: 963004077066267279

1843127 barkas the Slayer (level 27, 279/279 HPs)
             Began as a Naga Cinder Acolyte on Feb 21, 2023.
             Was the Champion of Cheibriados.
             Escaped with the Orb
             ... and 4 runes on Feb 22, 2023!
             The game lasted 04:41:39 (107620 turns).

barkas the Slayer (Naga Cinder Acolyte)           Turns: 107620, Time: 04:41:39

Health: 279/279    AC: 50    Str: 41    XL:     27
Magic:  50/50      EV: 14    Int: 38    God:    Cheibriados [******]
Gold:   837        SH: 25    Dex: 25    Spells: 6/54 levels left

rFire   + + +      SeeInvis +    a - +9 broad axe (elec)
rCold   + + .      Faith    .    M - +2 shield of Resistance {rF++ rC++ Will++}
rNeg    . . .      Spirit   .    m - +10 storm dragon scales {Bai Suzhen}
rPois   +          Reflect  +    A - +2 helmet
rElec   +          Harm     .    G - scarf {repulsion}
rCorr   .          Rampage  .    j - +2 pair of gloves
Will    +++++                    x - +3 barding {Fly}
Stlth   +                        y - amulet of reflection
HPRegen 0.66/turn                H - ring "Azoass" {MP+9 Int+3}
MPRegen 0.32/turn                f - ring "Cavi" {rPois rF+ AC+4 Str+4}

@: flying, studying Unarmed Combat, repel missiles, very slow
A: AC +9, large, see invisible, deformed body, poison resistance, slowness 2,
spit poison 1, naga tail 2, iridescent scales 2, screaming 1, wild magic 1
0: Orb of Zot
}: 4/15 runes: barnacled, silver, abyssal, gossamer
a: Spit Poison, Renounce Religion, Bend Time, Temporal Distortion, Slouch, Step
From Time


You escaped.
You worshipped Cheibriados.
Cheibriados was exalted by your worship.
You visited 11 branches of the dungeon, and saw 51 of its levels.
You visited the Abyss 2 times.
You visited 1 ziggurat, and saw 7 of its levels.
You also visited: Ossuary and Ice Cave.

You collected 10604 gold pieces.
You spent 9767 gold pieces at shops.

Inventory:

Hand Weapons
 a - a +9 broad axe of electrocution (weapon)
 b - a +3 broad axe of holy wrath
Missiles
 h - 2 throwing nets
Armour
 j - a +2 pair of gloves (worn)
 m - +10 storm dragon scales (worn) {Bai Suzhen}
 x - a +3 barding of flying (worn)
 A - a +2 helmet (worn)
 G - a scarf of repulsion (worn)
 M - the +2 shield of Resistance (worn) {rF++ rC++ Will++}
   (You took it off a deep elf high priest on level 3 of the Elven Halls)

   rF:        It greatly protects you from fire.
   rC:        It greatly protects you from cold.
   Will:      It greatly increases your willpower.
Jewellery
 f - the ring "Cavi" (right hand) {rPois rF+ AC+4 Str+4}
   (You bought it in a shop on level 10 of the Dungeon)

   [ring of protection]

   AC:        It affects your AC (+4).
   Str:       It affects your strength (+4).
   rF:        It protects you from fire.
   rPois:     It protects you from poison.
 y - an amulet of reflection (around neck)
 H - the ring "Azoass" (left hand) {MP+9 Int+3}
   (You took it off a deep elf death mage on level 3 of the Elven Halls)

   [ring of magical power]

   Int:       It affects your intelligence (+3).
   MP:        It affects your magic capacity (+9).
 L - the ring of Juda {Fly rC+ rCorr}
   (You took it off a deep elf high priest on level 3 of the Elven Halls)

   [ring of flight]

   rC:        It protects you from cold.
   Fly:       It grants you flight.
   rCorr:     It protects you from acid and corrosion.
Wands
 c - a wand of light (3)
 q - a wand of mindburst (39)
 r - a wand of digging (18)
 N - a wand of polymorph (42)
 U - a wand of charming (45)
 Y - a wand of iceblast (51)
Scrolls
 d - 6 scrolls of fog
 e - 9 scrolls of blinking
 i - a scroll of silence
 n - 7 scrolls of poison
 o - 17 scrolls of teleportation
 s - 5 scrolls of summoning
 t - a scroll of magic mapping
 D - 3 scrolls of immolation
 E - 2 scrolls of amnesia
 F - 12 scrolls of fear
 O - 7 scrolls of torment
 P - 8 scrolls of vulnerability
Potions
 g - 28 potions of curing
 p - 6 potions of magic
 u - 9 potions of mutation
 v - 2 potions of cancellation
 w - 9 potions of heal wounds
 z - 7 potions of brilliance
 B - 3 potions of berserk rage
 J - 13 potions of might
 K - 6 potions of attraction
 R - 5 potions of invisibility
 T - 2 potions of resistance
Miscellaneous
 k - a phantom mirror
 l - a condenser vane
 C - a tin of tremorstones (2/2)
 V - a lightning rod (4/4)
 X - a phial of floods
 Z - a box of beasts


   Skills:
 + Level 22.5 Fighting
 - Level 18.0 Axes
 - Level 8.0 Armour
 - Level 12.0 Dodging
 - Level 12.0 Stealth
 - Level 20.3 Shields
 - Level 14.0 Spellcasting
 * Level 20.4 Conjurations
 - Level 4.0 Translocations
 - Level 8.0 Transmutations
 - Level 7.0 Fire Magic
 - Level 4.4 Air Magic
 - Level 18.0 Earth Magic
 - Level 4.0 Poison Magic
 - Level 12.0 Invocations
 - Level 9.0 Evocations


You had 6 spell levels left.
You knew the following spells:

 Your Spells              Type           Power      Damage    Failure   Level
a - Iron Shot             Conj/Erth      61%        9d11      1%          6
b - Lehudib's Crystal Sp  Conj/Erth      61%        10d14     19%         8
c - Animate Armour        Summ/Erth      100%       N/A       2%          4
d - Apportation           Tloc           100%       N/A       2%          1
e - Irradiate             Conj/Tmut      54%        3d29      1%          5
f - Passwall              Tmut/Erth      86%        N/A       1%          2
g - Blink                 Tloc           100%       N/A       3%          2
h - Orb of Destruction    Conj           62%        9d15      2%          7
i - Fireball              Conj/Fire      53%        3d21      1%          5
k - Lesser Beckoning      Tloc           100%       N/A       3%          2
l - Conjure Ball Lightni  Conj/Air       51%        3x3d18    8%          6

Your spell library contained the following spells:

 Spells                   Type           Power      Damage    Failure   Level
 Beastly Appendage        Tmut           100%       N/A       1%          1
 Foxfire                  Conj/Fire      100%       2x1d9     1%          1
 Kiss of Death            Conj/Necr      100%       2d13      1%          1
 Magic Dart               Conj           100%       1d8       1%          1
 Sandblast                Erth           100%       2d20      1%          1
 Shock                    Conj/Air       100%       1d9       1%          1
 Sting                    Tmut/Pois      100%       1d8       1%          1
 Scorch                   Fire           100%       2d10      1%          2
 Searing Ray              Conj           100%       2d8       1%          2
 Static Discharge         Conj/Air       100%       2-7/arc   1%          2
 Wereblood                Tmut           85%        N/A       1%          2
 Dazzling Flash           Conj/Hex       100%       N/A       1%          3
 Hailstorm                Conj/Ice       94%        3d19      1%          3
 Mephitic Cloud           Conj/Pois/Air  92%        N/A       1%          3
 Stone Arrow              Conj/Erth      100%       3d13      1%          3
 Flame Wave               Conj/Fire      100%       2d21      1%          4
 Fulminant Prism          Conj/Hex       47%        3d21      1%          4
 Iskenderun's Mystic Bla  Conj/Tloc      100%       2d19      1%          4
 Sticky Flame             Conj/Fire      100%       2d11      1%          4
 Arcjolt                  Conj/Air       51%        1d61      1%          5
 Lee's Rapid Deconstruct  Erth           59%        3d27*     1%          5
 Lightning Bolt           Conj/Air       51%        1d72      1%          5
 Poisonous Vapours        Pois/Air       100%       N/A       2%          2
 Ignite Poison            Fire/Tmut/Pois 77%        N/A       2%          3
 Spider Form              Tmut/Pois      76%        N/A       2%          3
 Kindle Blastsparks       Fire/Tloc/Air  100%       2d18      3%          3
 Cigotuvi's Dreadful Rot  Necr/Pois/Air  100%       N/A       4%          2
 Swiftness                Air            68%        N/A       4%          3
 Vhi's Electric Charge    Tloc/Air       100%       N/A       4%          3
 Starburst                Conj/Fire      53%        6d14      4%          6
 Gell's Gravitas          Tloc           65%        N/A       5%          3
 Teleport Other           Tloc           65%        N/A       5%          3
 Inner Flame              Hex/Fire       62%        N/A       6%          3
 Borgnjor's Vile Clutch   Necr/Erth      44%        N/A       6%          5
 Necrotise                Necr           100%       1d9       8%          1
 Summon Small Mammal      Summ           100%       N/A       8%          1
 Freezing Cloud           Conj/Ice/Air   43%        6-21      8%          5
 Blade Hands              Tmut           42%        N/A       9%          5
 Portal Projectile        Hex/Tloc       100%       N/A       11%         3
 Call Imp                 Summ           34%        N/A       12%         2
 Ensorcelled Hibernation  Hex/Ice        68%        N/A       12%         2
 Sublimation of Blood     Necr           34%        N/A       12%         2
 Airstrike                Air            34%        2d(5-21)  13%         4
 Ice Form                 Ice/Tmut       65%        N/A       14%         4
 Manifold Assault         Tloc           65%        N/A       14%         4
 Passage of Golubria      Tloc           65%        N/A       14%         4
 Alistair's Intoxication  Tmut/Pois      50%        N/A       17%         5
 Confusing Touch          Hex            34%        N/A       22%         3
 Frozen Ramparts          Ice            68%        1d11      22%         3
 Summon Guardian Golem    Hex/Summ       34%        N/A       22%         3
 Tukima's Dance           Hex            34%        N/A       22%         3
 Vampiric Draining        Necr           34%        2d8       22%         3
 Summon Lightning Spire   Summ/Air       54%        N/A       28%         4
 Yara's Violent Unravell  Hex/Tmut       32%        3d13      34%         5
 Animate Dead             Necr           34%        N/A       54%         4
 Dispel Undead            Necr           34%        3d15      54%         4
 Silence                  Hex/Air        27%        N/A       58%         5
 Agony                    Necr           34%        N/A       86%         5
 Dispersal                Tloc           32%        N/A       88%         6
 Death Channel            Necr           17%        N/A       100%        6
 Simulacrum               Ice/Necr       17%        N/A       100%        6
 Spellforged Servitor     Conj/Summ      47%        N/A       63%         7
 Storm Form               Tmut/Air       38%        N/A       99%         7
 Infestation              Necr           17%        N/A       100%        8
 Maxwell's Capacitive Co  Air            34%        ∞         100%        8


Dungeon Overview and Level Annotations

Branches:
Dungeon (15/15)            Temple (1/1) D:5            Lair (5/5) D:8
 Shoals (4/4) Lair:2       Spider (4/4) Lair:2        Slime (0/5) Lair:4
    Orc (2/2) D:10            Elf (3/3) Orc:2        Vaults (5/5) D:14
  Crypt (3/3) Vaults:2       Tomb (0/3) Crypt:3      Depths (4/4) D:15
    Zot (5/5) Depths:4    Ossuary (visited)           IceCv (visited)

Altars:
Ashenzari
Cheibriados
Dithmenos
Elyvilon
Fedhas
Gozag
Hepliaklqana
Kikubaaqudgha
Makhleb
Nemelex Xobeh
Okawaru
Qazlal
Ru
Sif Muna
Trog
Uskayaw
Vehumet
Wu Jian
Xom
Yredelemnul
Zin
The Shining One
Jiyva

Shops:
D:9 *   D:10 *   D:13 !   Orc:1 ?   Orc:2 ((?*   Shoals:1 [   Vaults:1 (=
Depths:1 =::   Depths:2 (

Portals:
Hell: Depths:1 Depths:2 Depths:3 Depths:4
Abyss: Depths:3 Depths:4
Pandemonium: Depths:2 Depths:3

Annotations:
D:15 lol
Elf:2 3 runed translucent doors
Crypt:1 1 runed translucent door, Faymosex's ghost, veteran MiFi
Depths:4 1 exclusion


Innate Abilities, Weirdness & Mutations

Your serpentine skin is tough. (AC +9)
You have supernaturally acute eyesight. (SInv)
Armour fits poorly on your strangely shaped body.
Your system is resistant to poisons. (rPois)
You cover ground very slowly.
You can spit poison.
You can use your snake-like lower body to constrict enemies.
You are mostly covered in iridescent scales. (AC +4)
You occasionally shout uncontrollably at your foes.
Your spells are a little harder to cast, but a little more powerful.


Message History

Where to? (Enter - D:1 @ (x,y), ? - help)
What level of the Dungeon? (default 1, ? - help)
You see here a +2 demon whip of venom.
HP restored.
Magic restored.
There is an open door here.
An ice devil comes into view.
You yell at the ice devil!
Casting: Iron Shot (mildly dangerous; 1% risk of failure)
Confirm with . or Enter, or press ? or * to list all spells.
Aiming: Orb of Destruction (mildly dangerous; 2% risk of failure)
Press: ? - help, Shift-Dir - straight line, f - ice devil
Aim: an ice devil The orb of destruction hits the ice devil!!!!
You blow up the ice devil!
Cheibriados thoroughly appreciates the change of pace.
(D) Dungeon (T) Temple (L) Lair (A) Shoals (N) Spider Nest (M) Slime Pits (O) Orcish Mines (E) Elven Halls (V) Vaults (C) Crypt (W) Tomb (U) Depths (H) Hell (Z) Zot
Where to? (Enter - D:1 @ (x,y), ? - help)
What level of the Dungeon? (default 1, ? - help)
There is a stone staircase leading up here.
You fly upwards.
There is a stone staircase leading down here.
There is a fountain of clear blue water here.
There is a stone staircase leading up here.
You fly upwards.
There is a stone staircase leading down here.
There is an open door here.
You see here 5 stones.
You see here a +0 whip.
There is a stone staircase leading up here.
You fly upwards.
There is a stone staircase leading down here.
You see here 6 stones.
You see here a +0 chain mail.
There is a staircase leading out of the dungeon here.
Unknown command.
Unknown command.
You have escaped!

#.##....### #.#.#.######.......
#.##....# #.#....##......##..
#.##....#####.###.###......##..
#.###...............'......+...
###.....##...######.###......##..
.....####.....### #.###......##..
.##.## #........###...'......##..
.##.####...##.....#####......##..
......##..###...@..# #..........
...........###.....## #..........
......#..)[###......######+#.....
.......#....#...##...# #....(...
......##.......####..####..#.....
......###.....## #....[....####.
.....## ##....# #............#.
..##### #...## ###.........##.##
..###.####...####...#.......##.#


There were no monsters in sight!

Vanquished Creatures
  9 ancient liches
  8 dread liches
  Mara (Depths:1)
  Mennas (Crypt:3)
  5 orbs of fire
  The ghost of Neiqej the Conqueror, a legendary FoFi of Hepliaklqana (Crypt:3)
  The ghost of Luix the Impregnable, a veteran MiGl of Hepliaklqana (Crypt:3)
  2 pandemonium lords
  The ghost of Houmnergh the Opulent, a master GnTm of Gozag (Crypt:3)
  A shard shrike (shapeshifter) (Vaults:3)
  Margery (Crypt:2)
  Bai Suzhen (Vaults:4)
  4 Killer Klowns
  Saint Roka (Vaults:5)
  A caustic shrike (Depths:2)
  2 curse toes
  The ghost of Zievuyg the Executioner, an adept MiFi of the Shining One (Crypt:3)
  The ghost of Hyrrirob the Devastator, a veteran GrEE of Lugonu (Crypt:3)
  Jory (Vaults:4)
  5 golden dragons
  3 bone dragons
  The ghost of Dugafar the Warrior, an adept GrFi of Cheibriados (Crypt:3)
  The ghost of Dugafar the Warrior, an adept GrFi of Cheibriados (Crypt:3)
  A Brimstone Fiend (Zig:6)
  4 electric golems
  3 Hell Sentinels (Zig:7)
  28 Orb Guardians
  21 tentacled monstrosities
  Zenata (Vaults:4)
  Asterion (Vaults:2)
  2 walking divine tomes
  2 deep elf blademasters (Elf:3)
  2 searing wretches
  5 quicksilver dragons
  3 titans
  2 deep elf master archers (Elf:3)
  2 liches (Crypt:3)
  3 tentacled starspawn (Abyss:4)
  3 sphinxes
  11 ancient champions
  A quicksilver dragon (shapeshifter) (Vaults:5)
  A thorn hunter (Zig:5)
  A kraken (Shoals:3)
  2 Executioners
  10 death cobs
  Kirke (Shoals:4)
  9 tengu reavers
  7 shadow dragons
  11 storm dragons
  2 revenants
  11 frost giants
  A fenstrider witch (Zig:5)
  4 draconian monks
  5 balrugs
  4 ghouls
  7 fire giants
  A caustic shrike zombie (Crypt:2)
  3 deep elf elementalists (Elf:3)
  18 deep elf sorcerers
  5 curse skulls
  6 draconian scorchers
  4 draconian knights
  17 vault wardens
  8 draconian shifters
  3 emperor scorpions (Spider:4)
  9 ghost moths
  Aizul (Vaults:1)
  4 draconian stormcallers
  A spriggan defender (Depths:4)
  A quicksilver ooze (shapeshifter) (Depths:4)
  A stone giant (shapeshifter) (Vaults:5)
  A reaper (Crypt:3)
  5 war gargoyles
  4 broodmothers
  20 very ugly things
  A caustic shrike skeleton (Crypt:3)
  13 ironbound preservers
  2 orc warlords
  6 draconian annihilators
  2 juggernaut skeletons (Crypt:3)
  9 green draconians
  16 stone giants
  7 vampire knights
  8 ironbound thunderhulks
  8 dire elephants
  4 deep elf demonologists
  12 purple draconians
  9 white draconians
  13 black draconians
  The ghost of Nega the Convoker, a journeyman TeSu of Gozag (Orc:1)
  A minotaur (Shoals:1)
  7 spark wasps
  9 deep elf annihilators
  9 eidola
  18 yellow draconians
  Azrael (Elf:1)
  13 red draconians
  2 iron golems (Zig:7)
  4 crystal guardians
  A green death (Abyss:4)
  An entropy weaver (shapeshifter) (D:14)
  8 fire dragons
  5 merfolk impalers
  14 deep elf death magi
  A quicksilver dragon zombie (Crypt:1)
  11 deep elf high priests
  11 ettins
  6 merfolk javelineers
  7 entropy weavers
  9 great orbs of eyes
  A blizzard demon (Depths:2)
  6 jiangshi
  2 shambling mangroves (Abyss:4)
  An elf skeleton (Crypt:3)
  5 rakshasas
  19 yaktaur captains
  8 jorogumos
  4 peacekeepers
  A jorogumo (shapeshifter) (Vaults:1)
  26 vault guards
  19 ice dragons
  22 ironbound frosthearts
  A juggernaut simulacrum (Crypt:2)
  2 catoblepae
  8 spriggan air magi
  7 centaur warriors
  3 merfolk avatars (Shoals:4)
  5 hydras
  3 radroaches
  4 boulder beetles
  3 ogre magi
  5 two-headed ogres
  3 death knights
  2 merfolk aquamancers (Shoals:4)
  2 fenstrider witch skeletons
  10 deep troll earth magi
  13 dancing weapons
  5 satyrs
  7 spriggan skeletons (Crypt:3)
  8 tengu warriors
  5 deep troll shamans
  2 spriggan berserkers
  10 vampire magi
  7 death yaks
  A hell hog (Zig:6)
  5 thrashing horrors (Abyss:4)
  4 orc high priests
  A crystal echidna (Zig:7)
  2 titan skeletons
  A wretched star (Abyss:4)
  5 sun demons
  8 hell knights
  3 iron trolls
  Nergalle (Lair:1)
  10 deep elf knights
  10 pharaoh ants
  47 skeletal warriors
  A skyshark (Shoals:1)
  2 soul eaters
  42 deep trolls
  10 sea snakes
  A spriggan druid (Zig:5)
  7 orb spiders
  5 orange crystal statues
  3 swamp dragons
  A steelbarb worm (shapeshifter) (Vaults:1)
  A bunyip skeleton (Crypt:1)
  16 deep elf archers
  A shadow demon (Zot:5)
  A fenstrider witch simulacrum (Crypt:1)
  6 flayed ghosts
  A bog body (Zig:5)
  5 lindwurms
  28 deep elf pyromancers
  22 phantasmal warriors
  23 ironbound convokers
  8 steelbarb worms
  2 sphinx zombies
  19 deep elf zephyrmancers
  12 necromancers
  13 wizards
  A shining eye (Abyss:3)
  9 harpies
  An oklob plant (Lair:3)
  5 orc sorcerers
  An anaconda skeleton (Crypt:3)
  10 orc knights
  45 ugly things
  5 worldbinders (Abyss:4)
  13 fauns
  A fire giant zombie (D:15)
  A stone giant zombie (Crypt:1)
  24 wolf spiders
  10 cyclopes
  11 manticores
  22 elephants
  A guardian serpent (Lair:5)
  32 moths of wrath
  6 stone giant skeletons
  12 black mambas
  An apocalypse crab (Zig:4)
  24 vault sentinels
  2 toenail golems
  2 smoke demons
  7 demonic crawlers
  9 merfolk sirens
  4 torpor snails
  2 cane toads (shapeshifter)
  An elephant slug zombie (Crypt:2)
  7 water nymphs
  3 orange demons
  2 dire elephant skeletons
  10 freezing wraiths
  A titan simulacrum (Crypt:2)
  A torpor snail (shapeshifter) (Vaults:4)
  9 rime drakes
  16 cane toads
  5 hellions
  A kobold demonologist (D:12)
  An efreet (D:14)
  2 spriggan zombies
  2 unseen horrors (D:12)
  A minotaur skeleton (Crypt:2)
  2 tormentors
  An alligator snapping turtle skeleton (Crypt:3)
  8 komodo dragons
  32 yaktaurs
  8 tengu conjurers
  A hydra zombie (Crypt:2)
  An ancient zyme (Abyss:4)
  2 ice devils
  An unseen horror skeleton (Crypt:2)
  24 merfolk
  An anaconda simulacrum (Crypt:2)
  A purple draconian skeleton (Crypt:1)
  7 wind drakes
  4 guardian mummies (Crypt:3)
  13 meliai
  10 polar bears
  A queen bee (shapeshifter) (D:15)
  A meliai (shapeshifter) (D:14)
  13 trolls
  A harpy zombie (Crypt:1)
  7 hornets
  Prince Ribbit (D:5)
  6 blink frogs
  2 harpy skeletons
  28 tarantellas
  Grinder (D:5)
  10 raiju
  11 snapping turtles
  5 dream sheep
  A hydra skeleton (Crypt:3)
  A meliai zombie (D:10)
  A great orb of eyes zombie (Crypt:2)
  An iron dragon simulacrum (Crypt:1)
  29 jumping spiders
  Sigmund (D:2)
  An alligator skeleton (Crypt:1)
  6 large abominations
  23 culicivoras
  12 water elementals
  3 ettin skeletons (Crypt:3)
  16 flying skulls (Crypt:3)
  8 shadows
  3 air elementals
  15 slime creatures
  16 wyverns
  A vampire (D:14)
  A spriggan (Depths:3)
  A dire elephant simulacrum (Spider:4)
  Eustachio (D:5)
  5 hogs (Shoals:4)
  13 wraiths
  A slime creature zombie (Crypt:1)
  13 starcursed masses
  21 yaks
  3 ynoxinuls
  A black mamba skeleton (Crypt:2)
  3 steam dragons
  24 fire elementals
  2 basilisks (Lair:5)
  A minotaur simulacrum (Spider:4)
  2 chaos spawn
  A neqoxec (Abyss:4)
  2 small abominations (Abyss:4)
  51 redbacks
  3 redbacks (shapeshifter)
  Edmund (D:5)
  A demonspawn zombie (Crypt:3)
  A swamp worm (shapeshifter) (Depths:4)
  8 wargs
  2 harpy simulacra (Spider:4)
  6 acid dragons
  15 water moccasins
  A floating eye (Depths:2)
  An acid dragon (shapeshifter) (D:10)
  4 hell hounds (Elf:1)
  A demonspawn skeleton (Crypt:1)
  39 orc warriors
  4 naga skeletons
  An ettin simulacrum (Crypt:2)
  A swamp drake (Lair:5)
  A merfolk simulacrum (Crypt:1)
  2 black bears (D:6)
  An ice beast (D:6)
  A black bear (shapeshifter) (D:13)
  An ogre (shapeshifter) (Elf:3)
  3 sky beasts (Depths:1)
  10 ogres
  20 centaurs
  A swamp dragon skeleton (Crypt:1)
  11 wolves
  4 boggarts (Vaults:1)
  A phantom (D:4)
  A rime drake zombie (Crypt:1)
  5 kobold brigands
  A vine stalker zombie (Crypt:3)
  10 bullfrogs
  A yaktaur skeleton (Crypt:2)
  8 necrophages
  A wyvern zombie (Crypt:3)
  2 deep troll simulacra (Spider:4)
  3 earth elementals
  A gnoll sergeant (D:9)
  6 scorpions
  4 wights
  A wyvern skeleton (Crypt:1)
  2 polar bear zombies
  A killer bee (shapeshifter) (D:12)
  2 lindwurm simulacra (Spider:4)
  6 howler monkeys
  2 oklob saplings (D:9)
  A yak skeleton (Crypt:3)
  A crimson imp (D:6)
  4 centaur zombies
  9 hounds
  An iron imp (Abyss:3)
  2 human zombies
  3 jellies
  Crazy Yiuf (D:2)
  15 orc priests
  A human skeleton (Crypt:1)
  8 iguanas
  22 orc wizards
  9 mummies
  A howler monkey zombie (D:10)
  19 adders
  6 gnolls
  A shadow imp (D:6)
  4 white imps
  2 ufetubi
  An adder zombie (Crypt:1)
  2 worms
  4 dart slugs
  94 orcs
  8 endoplasms
  3 giant cockroaches
  10 hobgoblins
  5 jackals (D:2)
  31 kobolds
  4 quokkas
  11 ball pythons
  11 bats
  A dart slug zombie (Crypt:3)
  3 frilled lizards
  7 goblins
  3 hobgoblin zombies (Ossuary)
  A kobold zombie (Ossuary)
  4 orc zombies (Ossuary)
  5 rats
  A foxfire (Shoals:3)
  8 starspawn tentacles
  2 tentacles (Shoals:3)
2483 creatures vanquished.

Vanquished Creatures (collateral kills)
  A manticore (Shoals:4)
  A meliai (Spider:4)
  2 merfolk (Shoals:4)
  A water elemental (Shoals:4)
  9 foxfires (Shoals:3)
14 creatures vanquished.

Vanquished Creatures (others)
  A golden dragon (Zot:2)
  A draconian knight (Zot:3)
  A vampire knight (Depths:2)
  A sea snake (Shoals:4)
  A merfolk (Shoals:4)
  A fire elemental (D:12)
  2 humans (Shoals:4)
  A small abomination (Abyss:3)
  A redback (Spider:2)
  A warg (Vaults:5)
  An orc warrior (Orc:1)
  2 orc wizards
  2 orcs
  26 ball lightnings
  A bush (Shoals:1)
  354 foxfires
  29 fungi
  A lurking horror (Abyss:4)
  193 plants
  10 starspawn tentacles
  7 tentacles (Shoals:3)
  6 withered plants
643 creatures vanquished.

Grand Total: 3140 creatures vanquished

Notes
Turn   | Place    | Note
-------+----------+-------------------------------------------
     0 | D:1      | barkas the Naga Cinder Acolyte began the quest for the Orb.
     0 | D:1      | Reached XP level 1. HP: 21/21 MP: 2/2
   138 | D:1      | Reached XP level 2. HP: 28/28 MP: 3/3
   141 | D:1      | Learned a level 2 spell: Scorch
   994 | D:2      | Reached XP level 3. HP: 34/34 MP: 5/5
  1288 | D:2      | Reached XP level 4. HP: 42/42 MP: 3/6
  1393 | D:2      | Noticed Sigmund
  1411 | D:2      | HP: 2/42 [Sigmund/+0 scythe (6)]
  1415 | D:2      | Killed Sigmund
  1416 | D:2      | Reached skill level 4 in Fighting
  1416 | D:2      | Reached XP level 5. HP: 22/50 MP: 2/8
  1416 | D:2      | Reached XP level 6. HP: 25/57 MP: 2/9
  1675 | D:2      | Reached skill level 5 in Axes
  2143 | D:2      | Found a runed translucent door.
  2144 | D:2      | Noticed Crazy Yiuf
  2198 | D:2      | Found a hide-covered altar of Uskayaw.
  2726 | D:2      | Killed Crazy Yiuf
  3443 | D:3      | Identified the +1 robe of Vunypint {-Cast Harm Str+2}
  4422 | D:4      | Reached XP level 7. HP: 65/66 MP: 1/10
  4793 | D:4      | Found a basalt altar of Yredelemnul.
  5662 | D:5      | Entered Level 5 of the Dungeon
  5665 | D:5      | Noticed Eustachio
  5863 | D:5      | Reached skill level 5 in Fighting
  5876 | D:5      | Reached XP level 8. HP: 53/74 MP: 1/12
  6178 | D:5      | Killed Eustachio
  6179 | D:5      | Reached skill level 5 in Fire Magic
  6408 | D:5      | Found a burning altar of Makhleb.
  6566 | D:5      | Noticed Prince Ribbit
  6573 | D:5      | Killed Prince Ribbit
  6574 | D:5      | Reached skill level 6 in Fighting
  6586 | D:5      | Noticed Grinder
  6666 | D:5      | Found a staircase to the Ecumenical Temple.
  6679 | Temple   | Entered the Ecumenical Temple
  7226 | D:5      | Noticed Edmund
  7236 | D:5      | Paralysed by Grinder for 2 turns
  7238 | D:5      | Killed Edmund
  7239 | D:5      | Reached skill level 1 in Evocations
  7239 | D:5      | Reached XP level 9. HP: 63/84 MP: 0/13
  7251 | D:5      | Killed Grinder
  7978 | D:6      | Found a white marble altar of Elyvilon.
  8611 | D:6      | Found a broken altar of Ashenzari.
  8611 | D:6      | Found a sparkling altar of Nemelex Xobeh.
  8755 | D:6      | Identified the +1 chain mail of the Falcon {rF+ Str+3}
  9435 | D:7      | Reached skill level 7 in Fighting
  9526 | D:7      | Found a glowing golden altar of the Shining One.
  9529 | D:7      | Found a hazy altar of Hepliaklqana.
  9553 | D:7      | Found a runed translucent door.
  9833 | D:7      | Found the +10 tower shield of Ignorance {rN+ Int-4}
  9839 | D:7      | Found a runed translucent door.
  9846 | D:7      | Noticed an orange crystal statue
 10075 | D:7      | Reached skill level 10 in Axes
 10111 | D:7      | Found a bloodstained altar of Trog.
 10125 | D:7      | Found a shimmering blue altar of Sif Muna.
 10129 | D:7      | Got Sif Muna's Anthology of Iron Fever
 10156 | D:7      | Learned a level 1 spell: Foxfire
 10539 | D:8      | Found a sand-covered staircase.
 10564 | Ossuary  | Entered an ossuary
 10599 | Ossuary  | Reached XP level 10. HP: 87/94 MP: 1/14
 11076 | D:8      | Reached skill level 5 in Evocations
 11154 | D:8      | Found a shimmering altar of Xom.
 11246 | D:8      | Found a staircase to the Lair.
 11966 | D:8      | Found a hide-covered altar of Uskayaw.
 12015 | D:8      | Found a radiant altar of Vehumet.
 12235 | D:9      | Reached skill level 8 in Fighting
 13665 | D:9      | Found a glowing silver altar of Zin.
 13668 | D:9      | Found Zin's Purification Station.
 13865 | D:10     | Entered Level 10 of the Dungeon
 13866 | D:10     | Found Gozag's Platinum Reserve.
 14103 | D:10     | Reached skill level 1 in Shields
 14492 | D:10     | Found an opulent altar of Gozag.
 14852 | D:10     | Reached XP level 11. HP: 104/104 MP: 4/15
 14970 | D:10     | Found a staircase to the Orcish Mines.
 15102 | D:10     | Noticed Maurice
 15105 | D:10     | Reached skill level 9 in Fighting
 15106 | D:10     | Maurice changed into Maurice the water moccasin
 15106 | D:10     | Noticed Maurice
 15110 | D:10     | Killed Maurice the water moccasin
 16728 | D:11     | Noticed a cyclops
 16743 | D:11     | Killed a cyclops
 17092 | Lair:1   | Entered Level 1 of the Lair of Beasts
 17756 | Lair:1   | Reached skill level 10 in Fighting
 17832 | Lair:1   | Found a bloodstained altar of Trog.
 17879 | Lair:1   | Noticed Nergalle
 17897 | Lair:1   | Killed Nergalle
 18059 | Lair:1   | Reached XP level 12. HP: 102/116 MP: 10/16
 18423 | Lair:2   | Reached skill level 5 in Shields
 18568 | Lair:2   | Found a staircase to the Shoals.
 18603 | Lair:2   | Found a hole to the Spider Nest.
 19236 | Lair:2   | Identified the +2 robe of Joy {Regen+}
 20365 | Lair:3   | Reached skill level 11 in Fighting
 20365 | Lair:3   | Reached skill level 15 in Axes
 20949 | Lair:4   | Noticed a death yak
 21279 | Lair:3   | Killed a death yak
 21307 | Lair:4   | Noticed a death yak
 21308 | Lair:4   | Noticed a death yak
 21346 | Lair:4   | Gained mutation: You can use your snake-like lower body to
                  | constrict enemies. [Naga growth]
 21346 | Lair:4   | Reached XP level 13. HP: 111/127 MP: 10/17
 22135 | Lair:4   | Found a viscous altar of Jiyva.
 22135 | Lair:4   | Found a staircase to the Slime Pits.
 22191 | Lair:5   | Entered Level 5 of the Lair of Beasts
 23120 | Lair:5   | Got the Book of Contaminated Shapeshifting
 23176 | Lair:5   | Noticed a fire dragon
 23190 | Lair:5   | Killed a fire dragon
 23191 | Lair:5   | Reached skill level 12 in Fighting
 24182 | Lair:5   | Reached XP level 14. HP: 134/138 MP: 18/18
 24988 | Lair:5   | Identified the +7 glaive "Yseane" {spect, Fly rF++ rC-
                  | Will+++}
 25304 | Temple   | Fell from the grace of Ignis
 25304 | Temple   | Became a worshipper of Cheibriados the Contemplative
 25532 | D:6      | Reached * piety under Cheibriados
 26051 | D:9      | Learned a level 2 spell: Blink
 26146 | D:10     | Found an ancient bone altar of Kikubaaqudgha.
 26346 | D:12     | Reached ** piety under Cheibriados
 26355 | D:12     | Reached skill level 1 in Translocations
 26661 | D:12     | Reached *** piety under Cheibriados
 26670 | D:12     | You fall into a shaft and drop 1 floor!
 26727 | D:12     | You fall into a shaft and drop 3 floors!
 26727 | D:15     | Entered Level 15 of the Dungeon
 26770 | D:14     | Reached skill level 1 in Stealth
 26771 | D:14     | You fall into a shaft and drop 1 floor!
 26831 | D:15     | Learned a level 1 spell: Apportation
 26968 | D:13     | Found Nodedeyph's Distillery.
 27074 | D:13     | Bought a potion of might for 56 gold pieces
 27074 | D:13     | Bought a potion of curing for 42 gold pieces
 27074 | D:13     | Bought a potion of curing for 42 gold pieces
 27074 | D:13     | Bought a potion of curing for 42 gold pieces
 27180 | D:12     | Was forgiven by Ignis
 27226 | D:12     | Reached **** piety under Cheibriados
 27579 | D:12     | Reached XP level 15. HP: 146/146 MP: 19/19
 28619 | D:13     | Reached skill level 13 in Fighting
 28628 | D:13     | Got the Codex of Shifting Attendants
 29681 | Orc:1    | Entered Level 1 of the Orcish Mines
 29895 | Orc:1    | Noticed an orc warlord
 29915 | Orc:1    | Killed an orc warlord
 29919 | Orc:1    | Reached ***** piety under Cheibriados
 30021 | Orc:1    | Reached skill level 5 in Stealth
 30072 | Orc:1    | Found a runed translucent door.
 30073 | Orc:1    | Noticed Nega's ghost (journeyman TeSu)
 30255 | Orc:2    | Entered Level 2 of the Orcish Mines
 30356 | Orc:2    | Found a staircase to the Elven Halls.
 30381 | Orc:1    | Found Jymereba's Magic Scroll Shop.
 30456 | Orc:1    | Reached skill level 1 in Invocations
 30561 | Orc:1    | Bought a scroll of blinking for 120 gold pieces
 30561 | Orc:1    | Bought a scroll of magic mapping for 120 gold pieces
 30561 | Orc:1    | Bought a scroll of teleportation for 48 gold pieces
 30743 | Orc:2    | Reached skill level 10 in Shields
 30860 | Orc:2    | Learned a level 5 spell: Irradiate
 31140 | Orc:2    | Found Zuqejom's Antique Weapon Emporium.
 31140 | Orc:2    | Found Unoppuze's Magic Scroll Shop.
 31142 | Orc:2    | Found Ivongous's Assorted Antiques.
 31144 | Orc:2    | Found Humita's Weapon Shoppe.
 31149 | Orc:2    | Bought a scroll of blinking for 105 gold pieces
 31149 | Orc:2    | Bought a scroll of teleportation for 42 gold pieces
 31149 | Orc:2    | Bought a scroll of teleportation for 42 gold pieces
 31151 | Orc:2    | Bought a scroll of fear for 116 gold pieces
 31151 | Orc:2    | Bought a dark potion for 26 gold pieces
 32241 | D:14     | Reached skill level 1 in Conjurations
 32241 | D:14     | Reached skill level 1 in Transmutations
 32397 | D:14     | Found a gate to the Vaults.
 32546 | D:14     | Found a broken altar of Ashenzari.
 33564 | D:15     | Reached ****** piety under Cheibriados
 34023 | D:15     | Found a staircase to the Depths.
 34334 | D:15     | Identified the +1 chain mail of Qulugg {rPois rC++}
 34579 | Spider:1 | Entered Level 1 of the Spider Nest
 34635 | Lair:2   | Learned a level 2 spell: Poisonous Vapours
 34644 | Spider:1 | Reached skill level 1 in Poison Magic
 34994 | Spider:1 | Noticed a ghost moth
 35006 | Spider:1 | Killed a ghost moth
 35145 | Spider:1 | Reached XP level 16. HP: 138/152 MP: 16/21
 36528 | Spider:2 | Reached skill level 5 in Conjurations
 36528 | Spider:2 | Reached skill level 5 in Transmutations
 37721 | Spider:2 | Learned a level 3 spell: Mephitic Cloud
 38504 | Spider:3 | Reached skill level 1 in Dodging
 38504 | Spider:3 | Reached skill level 5 in Invocations
 38529 | Spider:3 | Reached skill level 14 in Fighting
 38529 | Spider:3 | Reached skill level 5 in Spellcasting
 39119 | Spider:3 | Identified the +1 robe "Jedujoip" {Str+6}
 39305 | Spider:3 | Reached XP level 17. HP: 165/166 MP: 20/25
 39699 | Spider:4 | Entered Level 4 of the Spider Nest
 40042 | Spider:4 | Found a frozen archway.
 40182 | IceCv    | Entered an ice cave
 42719 | Spider:4 | Reached XP level 18. HP: 105/176 MP: 3/28
 43131 | Spider:4 | Got a gossamer rune of Zot
 43594 | D:7      | Learned a level 7 spell: Orb of Destruction
 43955 | Orc:1    | Killed Nega's ghost
 44091 | Shoals:1 | Entered Level 1 of the Shoals
 44978 | Shoals:1 | Found Lekh's Antique Armour Shoppe.
 44981 | Shoals:1 | Bought a pair of glowing gloves for 172 gold pieces
 45110 | Shoals:1 | Found a hide-covered altar of Uskayaw.
 45997 | Shoals:2 | Reached skill level 15 in Fighting
 46320 | Shoals:2 | Learned a level 5 spell: Fireball
 46954 | Shoals:1 | Bought a faintly humming plate armour for 644 gold pieces
 46954 | Shoals:1 | Identified the +5 plate armour of the Morning {Str-2 Int+4
                  | Dex+9} (You bought it in a shop on level 1 of the Shoals)
 48006 | Shoals:3 | Reached skill level 5 in Dodging
 48177 | Shoals:3 | Identified the +7 short sword "Paaweba" {distort, *Rage rF+
                  | rCorr SInv}
 48528 | Shoals:4 | Entered Level 4 of the Shoals
 49572 | Shoals:4 | Noticed Kirke
 49583 | Shoals:4 | Killed Kirke
 50068 | Shoals:4 | Got a barnacled rune of Zot
 50650 | Shoals:4 | Reached XP level 19. HP: 186/186 MP: 20/30
 51038 | Shoals:4 | Reached skill level 10 in Conjurations
 51626 | Vaults:1 | Entered Level 1 of the Vaults
 52064 | Vaults:1 | Found Doezeoqi's Weapon Shoppe.
 53209 | Vaults:1 | Noticed Aizul
 53336 | Vaults:1 | Killed Aizul
 53416 | Vaults:1 | Found Jedimob's Jewellery Shoppe.
 55169 | Vaults:1 | Learned a level 3 spell: Ignite Poison
 55286 | Vaults:2 | Found a staircase to the Crypt.
 55665 | Vaults:2 | Reached skill level 10 in Invocations
 56532 | Vaults:2 | Reached XP level 20. HP: 166/196 MP: 22/32
 56957 | Vaults:2 | Reached skill level 16 in Fighting
 57359 | Vaults:2 | Noticed Asterion
 57372 | Vaults:2 | Killed Asterion
 58937 | Vaults:3 | Identified the +12 arbalest "Goad" {flame, Dex+3}
 59181 | Vaults:3 | Reached skill level 10 in Stealth
 59186 | Vaults:3 | Reached skill level 15 in Shields
 62707 | Vaults:3 | an iron dragon changed into a shard shrike
 62707 | Vaults:3 | Noticed a shard shrike (glowing shapeshifter)
 62709 | Vaults:3 | a shard shrike changed into a juggernaut
 62709 | Vaults:3 | Noticed a juggernaut (glowing shapeshifter)
 62710 | Vaults:3 | a juggernaut changed into a shard shrike
 62710 | Vaults:3 | Noticed a shard shrike (glowing shapeshifter)
 62711 | Vaults:3 | a shard shrike changed into a rockslime
 62712 | Vaults:3 | a rockslime changed into a shard shrike
 62712 | Vaults:3 | Noticed a shard shrike (glowing shapeshifter)
 62716 | Vaults:3 | Killed a shard shrike
 63064 | Vaults:4 | Noticed Zenata
 63069 | Vaults:4 | Killed Zenata
 63634 | Abyss:2  | Cast into level 2 of the Abyss (a wizard)
 63662 | Vaults:4 | Escaped the Abyss
 64075 | Vaults:4 | Noticed Bai Suzhen
 64086 | Vaults:4 | Killed Bai Suzhen
 64087 | Vaults:4 | Reached XP level 21. HP: 202/206 MP: 14/34
 64509 | Vaults:4 | Noticed Jory
 64521 | Vaults:4 | Killed Jory
 65445 | Vaults:1 | Bought a ring of willpower for 450 gold pieces
 65646 | Elf:1    | Entered Level 1 of the Elven Halls
 65939 | Elf:1    | Reached skill level 1 in Armour
 66053 | Elf:1    | Paralysed by an air elemental for 1 turns
 66223 | Elf:1    | Identified the +1 robe of Riwiwus {rElec rC- Stlth+
                  | Archmagi}
 66745 | Elf:1    | Noticed Azrael
 66748 | Elf:1    | Killed Azrael
 67015 | Elf:1    | Got the Grimoire of Dhcmrlchtdj
 67238 | Elf:1    | Got the Enchiridion on Energy
 68281 | Elf:2    | Found a radiant altar of Vehumet.
 68407 | Elf:2    | Paralysed by an air elemental for 1 turns
 68560 | Elf:2    | Reached skill level 17 in Fighting
 68867 | Elf:2    | Found a runed translucent gate.
 68867 | Elf:2    | Found a runed translucent gate.
 68867 | Elf:2    | Found a runed translucent gate.
 69015 | Elf:3    | Entered Level 3 of the Elven Halls
 69769 | Elf:3    | Reached XP level 22. HP: 154/218 MP: 12/35
 69788 | Elf:3    | Identified a scroll of acquirement
 70081 | Elf:3    | Identified the amulet "Kaubbeadgh" {Reflect rC+ Dex-5
                  | Slay+2 SH+5 Stlth+}
 70222 | Elf:3    | Identified the +0 leather armour "Pynoec" {Int+3}
 70402 | Elf:2    | Learned a level 6 spell: Iron Shot
 70589 | Elf:3    | Reached skill level 1 in Earth Magic
 70793 | Elf:3    | Identified the +5 rapier "Tunix" {venom, Fly rF+ Dex-3}
 70793 | Elf:3    | Identified the +0 leather armour "Naaluxka" {Will+ Int+3
                  | Slay+2}
 70804 | Elf:3    | Identified the +0 leather armour "Piecwis" {rF+}
 70836 | Elf:3    | Identified the +6 flail of Brawling {venom, SInv}
 70927 | Elf:3    | Identified the ring of Juda {Fly rC+ rCorr}
 70934 | Elf:3    | Identified the ring "Azoass" {MP+9 Int+3}
 70939 | Elf:3    | Reached skill level 10 in Spellcasting
 71863 | Depths:1 | Entered Level 1 of the Depths
 71876 | Depths:1 | Noticed Mara
 71905 | Depths:1 | Killed Mara
 72068 | Depths:1 | Reached skill level 5 in Armour
 72629 | Depths:1 | Found Koico's Jewellery Shoppe.
 72629 | Depths:1 | Found Rulo's Book Shop.
 72630 | Depths:1 | Found Vyetzeax's Book Shop.
 72640 | Depths:1 | Bought a manual of Shields for 1200 gold pieces
 73319 | Depths:1 | Found a gateway to Hell.
 73676 | Depths:2 | Reached skill level 5 in Earth Magic
 73780 | Depths:2 | Found a one-way gateway to a ziggurat.
 74031 | Depths:2 | Found Athriofia's Weapon Boutique.
 74354 | Depths:2 | Found a one-way gate leading to the halls of Pandemonium.
 74569 | Depths:2 | Reached XP level 23. HP: 91/226 MP: 27/37
 75148 | Depths:2 | Noticed a caustic shrike
 75157 | Depths:2 | Killed a caustic shrike
 75158 | Depths:2 | Paralysed by a floating eye for 3 turns
 75436 | Depths:2 | Noticed a golden dragon
 75440 | Depths:2 | Killed a golden dragon
 75627 | Depths:3 | Found a one-way gate to the infinite horrors of the Abyss.
 76071 | Depths:3 | Noticed a golden dragon
 76404 | Depths:3 | Killed a golden dragon
 76762 | Depths:3 | Reached skill level 18 in Fighting
 77200 | Abyss:3  | Found a corrupted altar of Lugonu.
 77200 | Abyss:3  | Found a corrupted altar of Lugonu.
 77200 | Abyss:3  | Cast into level 3 of the Abyss (a wizard)
 77329 | Abyss:3  | Paralysed by accursed screaming for 1 turns
 77588 | Abyss:4  | Got an abyssal rune of Zot
 77591 | Depths:3 | Escaped the Abyss
 77819 | Depths:3 | Got Usoroaq's Dissertation on the Mesa and Astrapomancy
 77831 | Depths:3 | Learned a level 8 spell: Lehudib's Crystal Spear
 77837 | Depths:3 | Found a shimmering blue altar of Sif Muna.
 77932 | Depths:3 | Noticed an ancient lich
 77937 | Depths:3 | Killed an ancient lich
 77938 | Depths:3 | Reached skill level 15 in Conjurations
 77938 | Depths:3 | Noticed a dread lich
 78225 | Depths:3 | Killed a dread lich
 78337 | Depths:3 | Identified the +1 chain mail of Springtime {rPois Will+}
 78374 | Depths:3 | Got Sif Muna's Atlas of the Brume
 78386 | Depths:3 | Got the Folio of Septic Arcane Combat
 78420 | Depths:3 | Got Sif Muna's Secrets of Gelid Destruction
 78500 | Depths:4 | Entered Level 4 of the Depths
 78843 | Depths:4 | Reached XP level 24. HP: 237/237 MP: 37/38
 78864 | Depths:4 | Reached skill level 10 in Dodging
 78994 | Depths:4 | Found a stormy altar of Qazlal.
 79397 | Depths:3 | Acquired 1289 gold pieces
 79399 | Depths:3 | Acquired 791 gold pieces
 79401 | Depths:3 | Acquired a +1 broad axe of holy wrath
 79402 | Depths:3 | Acquired a book of Unlife
 80281 | Vaults:5 | Entered Level 5 of the Vaults
 80590 | Vaults:5 | Noticed a dread lich
 80735 | Vaults:4 | Killed a dread lich
 80736 | Vaults:4 | Reached skill level 10 in Earth Magic
 81101 | Vaults:5 | Noticed a dread lich
 81215 | Vaults:4 | Killed a dread lich
 81597 | Vaults:5 | Identified the +0 ring mail of Sloth {rC+ Str+3}
 81694 | Vaults:5 | Noticed Saint Roka
 81701 | Vaults:5 | Identified the +1 great mace of Wyrd {antimagic, Str+6
                  | Int-2 Stlth+}
 81701 | Vaults:5 | Identified the +8 chain mail of the Sufficient God {rC+}
 81707 | Vaults:5 | Killed Saint Roka
 82127 | Vaults:5 | Noticed an ancient lich
 82136 | Vaults:5 | Killed an ancient lich
 82176 | Vaults:5 | Identified the +3 dire flail of Zily {protect, rElec Will+
                  | Str-5}
 82246 | Vaults:5 | Identified the +0 scimitar of World's End {spect, rElec
                  | rPois rC++ Str-3}
 82852 | Vaults:5 | Reached XP level 25. HP: 211/243 MP: 0/38
 82980 | Vaults:5 | Noticed an ancient lich
 82984 | Vaults:5 | Killed an ancient lich
 83065 | Vaults:5 | Identified the +2 quarterstaff "Zacsieni" {venom, Fragile
                  | rPois rF+++ rN+}
 83324 | Vaults:5 | Got a silver rune of Zot
 83343 | Vaults:5 | Noticed an ancient lich
 83350 | Vaults:5 | Killed an ancient lich
 83509 | Vaults:5 | Identified the +10 sling of Gluttony {drain, rPois rCorr}
 83533 | Vaults:5 | Identified the +1 robe of Dithmenos's Envy {Will+++ rCorr
                  | Str+2 Dex-2}
 83670 | Vaults:5 | Got Icorism's Parchment of the Quake and Transposition
 83695 | Vaults:5 | Identified the +0 flail "Jautaary" {elec, rN+ rCorr}
 83704 | Vaults:5 | Learned a level 2 spell: Lesser Beckoning
 83720 | Vaults:5 | Got Kaloos's Verses on the Brume and Nightshade
 84301 | Crypt:1  | Entered Level 1 of the Crypt
 84405 | Crypt:1  | Reached skill level 19 in Fighting
 84647 | Crypt:1  | Found a runed translucent door.
 84648 | Crypt:1  | Noticed Faymosex's ghost (veteran MiFi)
 86290 | Crypt:2  | Noticed Margery
 86322 | Crypt:2  | Killed Margery
 86828 | Crypt:2  | Noticed an ancient lich
 86833 | Crypt:2  | Killed an ancient lich
 87637 | Crypt:3  | Entered Level 3 of the Crypt
 88322 | Crypt:3  | Found a huge runed gate.
 88322 | Crypt:3  | Found a huge runed gate.
 88322 | Crypt:3  | Found a huge runed gate.
 88322 | Crypt:3  | Found a huge runed gate.
 88323 | Crypt:3  | Found a huge runed gate.
 88429 | Crypt:3  | Found a huge runed gate.
 88434 | Crypt:3  | Found a huge runed gate.
 88434 | Crypt:3  | Found a huge runed gate.
 88434 | Crypt:3  | Found a huge runed gate.
 88434 | Crypt:3  | Found a huge runed gate.
 88452 | Crypt:3  | Found a huge runed gate.
 88452 | Crypt:3  | Found a huge runed gate.
 88452 | Crypt:3  | Found a huge runed gate.
 88452 | Crypt:3  | Found a huge runed gate.
 88453 | Crypt:3  | Found a huge runed gate.
 88453 | Crypt:3  | Found a huge runed gate.
 88454 | Crypt:3  | Found a huge runed gate.
 88455 | Crypt:3  | Found a huge runed gate.
 88456 | Crypt:3  | Found a huge runed gate.
 88464 | Crypt:3  | Found a huge runed gate.
 88464 | Crypt:3  | Found a huge runed gate.
 88464 | Crypt:3  | Found a huge runed gate.
 88464 | Crypt:3  | Found a huge runed gate.
 88464 | Crypt:3  | Found a huge runed gate.
 88464 | Crypt:3  | Found a huge runed gate.
 88465 | Crypt:3  | Found a huge runed gate.
 88466 | Crypt:3  | Found a huge runed gate.
 88467 | Crypt:3  | Found a huge runed gate.
 88484 | Crypt:3  | Found a huge runed gate.
 88487 | Crypt:3  | Found a huge runed gate.
 88488 | Crypt:3  | Found a huge runed gate.
 88488 | Crypt:3  | Found a huge runed gate.
 88488 | Crypt:3  | Found a huge runed gate.
 88489 | Crypt:3  | Found a huge runed gate.
 88489 | Crypt:3  | Found a huge runed gate.
 88490 | Crypt:3  | Found a huge runed gate.
 88773 | Crypt:3  | Found a staircase to the Tomb.
 89016 | Crypt:3  | Found an ancient bone altar of Kikubaaqudgha.
 89036 | Crypt:3  | Noticed an ancient lich
 89042 | Crypt:3  | Killed an ancient lich
 89045 | Crypt:3  | Reached XP level 26. HP: 207/259 MP: 26/40
 89049 | Crypt:3  | Noticed Mennas
 89053 | Crypt:3  | Killed Mennas
 89440 | Crypt:3  | Identified the +4 quarterstaff "Orarch" {venom, Int-5
                  | Dex+3}
 90071 | Crypt:3  | Identified the +0 chain mail "Yppuplus" {rF+}
 90161 | Crypt:3  | Noticed Dugafar's ghost (adept GrFi)
 90161 | Crypt:3  | Noticed Zievuyg's ghost (adept MiFi)
 90161 | Crypt:3  | Noticed Houmnergh's ghost (master GnTm)
 90161 | Crypt:3  | Noticed Neiqej's ghost (legendary FoFi)
 90161 | Crypt:3  | Noticed Luix's ghost (veteran MiGl)
 90161 | Crypt:3  | Noticed Dugafar's ghost (adept GrFi)
 90161 | Crypt:3  | Noticed Hyrrirob's ghost (veteran GrEE)
 90482 | Crypt:3  | Killed Houmnergh's ghost
 90539 | Crypt:3  | Killed Dugafar's ghost
 90726 | Crypt:3  | Killed Dugafar's ghost
 90760 | Crypt:3  | Killed Luix's ghost
 90785 | Crypt:3  | Killed Hyrrirob's ghost
 91263 | Crypt:3  | Killed Neiqej's ghost
 91279 | Crypt:3  | Killed Zievuyg's ghost
 92062 | Depths:4 | Found a gate to the Realm of Zot.
 92385 | Zig:1    | Entered Level 1 of a ziggurat
 92405 | Zig:2    | Entered Level 2 of a ziggurat
 92449 | Zig:3    | Entered Level 3 of a ziggurat
 92468 | Zig:3    | Identified the ring of Beauty {*Corrode rC+++ rN+ Str-5
                  | Slay+5}
 92514 | Zig:4    | Entered Level 4 of a ziggurat
 92517 | Zig:4    | Noticed a Killer Klown
 92528 | Zig:4    | Killed a Killer Klown
 92569 | Zig:4    | Identified the +3 flail of Animal Spirits {heavy, rElec rC-
                  | rCorr Str+2}
 92576 | Zig:5    | Entered Level 5 of a ziggurat
 92694 | Zig:5    | Found the +3 pair of seven-league boots {Rampage+∞}
 92705 | Zig:5    | Identified the +1 leather armour "Hiwkocasch" {Int+3}
 92712 | Zig:5    | Identified the +1 scale mail of Vexation {rPois rC+ rCorr
                  | Dex+4}
 92719 | Zig:6    | Entered Level 6 of a ziggurat
 92855 | Zig:6    | Got Jifraduph's Quarto of Malignant Ceremonies and the
                  | Sphinx
 92860 | Zig:6    | Identified the +0 pair of gloves of Unosi {rC- rN+++}
 92867 | Zig:6    | Identified the +6 rapier of Ekolycrinikh {drain, rElec
                  | Will- SInv}
 92868 | Zig:6    | Identified the +8 shortbow of Contention {freeze, *Slow
                  | Str+2 Dex+2}
 92877 | Zig:7    | Entered Level 7 of a ziggurat
 93512 | D:10     | Bought the ring "Cavi" {rPois rF+ AC+4 Str+4} for 6260 gold
                  | pieces
 93742 | Zot:1    | Entered Level 1 of the Realm of Zot
 94667 | Zot:1    | Reached skill level 20 in Fighting
 94970 | Zot:1    | Reached XP level 27. HP: 224/268 MP: 37/41
 95726 | Zot:1    | Reached skill level 15 in Earth Magic
 96207 | Zot:2    | Noticed an orb of fire
 96211 | Zot:2    | Gained mutation: You are frail. (-10% HP) [an orb of fire]
 96214 | Zot:2    | Killed an orb of fire
 97754 | Orc:1    | Bought a scroll of enchant armour for 120 gold pieces
 97754 | Orc:1    | Bought a scroll of enchant armour for 120 gold pieces
 99085 | Depths:3 | Learned a level 4 spell: Animate Armour
 99092 | Depths:3 | Learned a level 6 spell: Conjure Ball Lightning
 99482 | D:15     | Learned a level 2 spell: Passwall
 99692 | Zot:3    | Reached skill level 1 in Air Magic
100911 | Zot:3    | Noticed an orb of fire
100912 | Zot:3    | Gained mutation: You are dopey. (Int -2) [an orb of fire]
100918 | Zot:3    | Gained mutation: You sometimes lose your temper in combat.
                  | [an orb of fire]
100918 | Zot:3    | Lost mutation: You sometimes lose your temper in combat.
                  | [an orb of fire]
100922 | Zot:3    | Gained mutation: You are very dopey. (Int -4) [an orb of
                  | fire]
100923 | Zot:3    | Killed an orb of fire
100935 | Zot:3    | Identified the +5 whip "Goblinslayer" {venom, MP+9}
101307 | Zot:2    | Lost mutation: You are frail. (-10% HP) [potion of
                  | mutation]
101307 | Zot:2    | Lost mutation: You are very dopey. (Int -4) [potion of
                  | mutation]
101307 | Zot:2    | Lost mutation: You are dopey. (Int -2) [potion of mutation]
101307 | Zot:2    | Gained mutation: You are frail. (-10% HP) [potion of
                  | mutation]
101379 | Zot:3    | Reached skill level 21 in Fighting
102268 | Zot:3    | Acquired 346 gold pieces
103156 | Zot:5    | Entered Level 5 of the Realm of Zot
105097 | Zot:5    | Noticed a dread lich
105100 | Zot:5    | Killed a dread lich
105470 | Zot:5    | Noticed a dread lich
105474 | Zot:5    | Killed a dread lich
105541 | Zot:5    | Noticed an ancient lich
105553 | Zot:5    | Killed an ancient lich
105607 | Zot:5    | Noticed an orb of fire
105608 | Zot:5    | Noticed an orb of fire
105610 | Zot:5    | Noticed an ancient lich
105611 | Zot:5    | Noticed an ancient lich
105612 | Zot:5    | Killed an orb of fire
105614 | Zot:5    | Killed an orb of fire
105623 | Zot:5    | Killed an ancient lich
105625 | Zot:5    | Killed an ancient lich
106166 | Zot:5    | Reached skill level 22 in Fighting
106309 | Zot:5    | Noticed an orb of fire
106311 | Zot:5    | Gained mutation: Your body sometimes deteriorates upon
                  | taking damage. [an orb of fire]
106312 | Zot:5    | Noticed a dread lich
106316 | Zot:5    | Killed an orb of fire
106319 | Zot:5    | Killed a dread lich
106351 | Zot:5    | Noticed a dread lich
106357 | Zot:5    | Noticed a dread lich
106365 | Zot:5    | Killed a dread lich
106369 | Zot:5    | Killed a dread lich
106684 | Zot:5    | Lost mutation: You are frail. (-10% HP) [potion of
                  | mutation]
106684 | Zot:5    | Lost mutation: Your body sometimes deteriorates upon taking
                  | damage. [potion of mutation]
106684 | Zot:5    | Gained mutation: You are partially covered in iridescent
                  | scales. (AC +2) [potion of mutation]
106684 | Zot:5    | Gained mutation: Your spells are a little harder to cast,
                  | but a little more powerful. [potion of mutation]
106684 | Zot:5    | Gained mutation: You occasionally shout uncontrollably at
                  | your foes. [potion of mutation]
106684 | Zot:5    | Gained mutation: You are mostly covered in iridescent
                  | scales. (AC +4) [potion of mutation]
106922 | Zot:5    | Got the Orb of Zot
107066 | Depths:4 | Noticed Keghodoloyd the pandemonium lord
107072 | Depths:4 | Killed Keghodoloyd the pandemonium lord
107241 | D:13     | Noticed Ryosm the pandemonium lord
107270 | D:12     | Noticed Divenn the pandemonium lord
107273 | D:12     | Killed Divenn the pandemonium lord
107620 | D:$      | Escaped with the Orb!

Illustrated notes

Levels and vault maps discovered:
D:1:      dpeg_arrival_arbitrary_b, layout_basic
D:2:      minmay_thinvault, layout_loops_corners, basic_altar,
          minmay_misc_feat_doors, grunt_decor_resistance,
          minmay_goblin_kobold_house, uniq_crazy_yiuf_cottage, uniq_sigmund
D:3:      layout_basic, grunt_ministairs_13
D:4:      layout_basic, lemuel_zombie_altar_yredelemnul
D:5:      layout_basic, mainiacjoe_overflow_concentric_impassable,
          minmay_temple_entry_drinking_statues, minmay_starry_boxes,
          uniq_prince_ribbit1, uniq_grinder, uniq_edmund, uniq_eustachio
D:6:      kennysheep_windowed_halls, layout_rooms,
          gammafunk_temple_overflow_wave, elyvilon_altar_3,
          minmay_fire_ice_demons
D:7:      layout_cave_pools, nzn_overflow_gifts_of_might_and_magic,
          chequers_temple_overflow_statue_of_worship, roderic_lattice_a,
          minivault_23, chequers_guarded_unrand_ignorance
D:8:      layout_loops_ring, amcnicky_altar_gilded,
          amethyst_overflow_temple_binary, nicolae_ossuary_entry_ruins,
          nrook_loot_triangle
D:9:      layout_loops_ring, zin_purify, introduction_to_nature_2
D:10:     layout_loops_ring, lemuel_mausoleum_altar_kikubaaqudgha,
          nicolae_gozag_zags_fifth_avenue, hiddenorc1_lemuel,
          lightli_fourway_metalbox, uniq_maurice
D:11:     layout_loops_cross
D:12:     minmay_the_grid_octo_tiled_squarecenter_mashed
          [minmay_the_grid_octo_teeth, minmay_the_grid_octo_checkered,
          minmay_the_grid_octo_fan_narrow, minmay_the_grid_octo_odd_swirl,
          minmay_the_grid_square_5x5_megaprize_crossed,
          minmay_the_grid_square_5x5_intrusive_squares,
          minmay_the_grid_square_5x5_fancy_junction,
          minmay_the_grid_square_5x5_spiral_small,
          minmay_the_grid_square_5x5_tetrominoes], layout_layer_cave
D:13:     layout_basic, serial_shops,
          nicolae_shop_temple_entry_statues_fountains, nicolae_underground_beach
D:14:     layout_basic, david_vaults_1, infiniplex_staircase_x,
          evilmike_ruin_ashenzari
D:15:     gammafunk_depths_entry_grave, layout_irregular_city,
          reono_crystal_passage
Temple:   hellmonk_temple_of_storms
Lair:1:   layout_gridlike, basic_altar, uniq_nergalle
Lair:2:   layout_long_grid, minmay_shoals_entry_beasts, dummy_spider_entry,
          serial_rivers, chequers_serial_rivers_micro_b,
          chequers_serial_rivers_marsh, chequers_serial_rivers_large_a,
          chequers_serial_rivers_room_b, chequers_serial_rivers_micro_b,
          minivault_24
Lair:3:   layout_regular_city, serial_bayou_ford_a, fungi_pond_lemuel
Lair:4:   layout_hall_layers, dpeg_slime_entry_corner
Lair:5:   hangedman_lair_tendril_chambers, layout_loops_ring,
          guppyfry_lair_end_dragon
Shoals:1: nicolae_shoals_aurelia_aurita, layout_shoals, serial_shops,
          nicolae_shop_behind_doors, regret_index_shoals_crete
Shoals:2: layout_shoals, nzn_prometheus_bound
Shoals:3: layout_shoals
Shoals:4: shoals_end_hangedman, layout_shoals, uniq_kirke
Spider:1: layout_spider_delve
Spider:2: layout_cave_pods, nicolae_spider_bug_shape
Spider:3: layout_spider_delve
Spider:4: grunt_spider_rune_parallel, portal_ice_cave_entry_ice_simulacra,
          nicolae_spider_spiderdrome
Orc:1:    layout_caves, gammafunk_ghost_grave, serial_shops, shop,
          hellmonk_bongcloud_opening
Orc:2:    st_orc_rangers, layout_diamond_mine, basic_altar
Elf:1:    nicolae_elf_arrival_no_cutting_in_line, layout_geoelf_diagonals,
          minmay_elf_annihilation, bh_hangedman_babel_library, uniq_azrael
Elf:2:    nicolae_elf_blades_splatter_lattice [nicolae_blade_entry_antechamber],
          layout_gridlike, basic_altar, minivault_24
Elf:3:    minmay_elf_hall_spiked, layout_rooms
Vaults:1: nicolae_vaults_fighting_squares, nicolae_vaults_ring_of_whatevers,
          dpeg_vaults_monster_box, v_rooms_5, v_misc_19,
          hangedman_vaults_restitches, v_misc_12, v_misc_14,
          vaults_room_corners, nicolae_vaults_border_crossing,
          layout_vaults_omnigrid, serial_shops, nicolae_diamond_shop, uniq_aizul
Vaults:2: vaults_room_boxed, minmay_crypt_entry_simple_corners,
          nicolae_vaults_triangles, vaults_room_large_hall,
          nicolae_vaults_specimen_jars, hangedman_vaults_impose,
          vaults_room_fours, vaults_mumra_hex, vaults_dpeg_emergency_exit,
          vaults_mumra_minichess_inversion, v_misc_33,
          hangedman_vaults_hard_town_square, ontoclasm_vaults_twist,
          nicolae_vaults_hallways_thing, vaults_dpeg_ring,
          ontoclasm_vaults_decontamination, ontoclasm_vaults_hangar,
          ontoclasm_vaults_shuriken, vaults_room_stairs_pillars,
          layout_vaults_maze, uniq_asterion
Vaults:3: vaults_dpeg_hooks, ontoclasm_vaults_spin, vaults_room_glass_cross,
          nicolae_vaults_arrows, hangedman_vaults_cutoff,
          hangedman_vaults_nodes, vaults_mumra_chevron_long,
          hangedman_vaults_impose, hangedman_vaults_nails,
          nicolae_vaults_yaktaur_gun_rack, nicolae_vaults_little_squares_5,
          ontoclasm_vaults_loading_screen, nicolae_vaults_ring_of_whatevers,
          nicolae_vaults_theta, layout_vaults_omnicross
Vaults:4: v_rooms_6, vaults_dpeg_encased_lava, v_pattern_4, v_misc_12,
          vaults_room_grid, vaults_room_door_ring, v_misc_15,
          vaults_room_corners, v_misc_15, v_misc_17, ontoclasm_vaults_fault,
          vaults_room_corners, layout_vaults_big_room, uniq_bai_suzhen,
          uniq_zenata, uniq_jory
Vaults:5: uniq_saint_roka
Crypt:1:  layout_rooms, gammafunk_ghost_grave, grunt_crypt_arrival_split
Crypt:2:  layout_chaotic_city, grunt_megastairs_4, uniq_margery
Crypt:3:  church_of_pain_bobbens, layout_chaotic_city,
          tomb_entry_simple_bobbens, gammafunk_ghost_door_vault, uniq_mennas
Depths:1: layout_gridlike, grunt_metal_band, grunt_ministairs_6,
          dreamdust_looks_like_rain, minmay_shop_grove, uniq_mara
Depths:2: thingy_vault, layout_gridlike, enter_ziggurat_d,
          rand_demon_pan_entry_4, minmay_misc_feat_four_crosses,
          hangedman_coc_ice_floe, serial_shops, nicolae_shop_behind_doors,
          grunt_megastairs_5
Depths:3: evilmike_library_of_no_secrets, layout_basic,
          minmay_staircase_statues, abyss_entry, rand_demon_pan_entry_5,
          hell_entry, roderic_lattice_octagonal_star
Depths:4: grunt_x_marks_the_spot, layout_cave_pools, hell_entry, abyss_entry,
          nicolae_qazlal_style_of_elements, serial_bayou_shore_b
Zot:1:    layout_basic, kennysheep_underground_church
Zot:2:    layout_onion_interference
Zot:3:    layout_misc_corridors, hangedman_zot_diagonal_lockstep
Zot:4:    layout_gridville
Zot:5:    layout_twisted_circle

Skill      XL: |  1  2  3  4  5  6  7  8  9 10 11 12 13 14 15 16 17 18 19 20 21 22 23 24 25 26 27 |
---------------+----------------------------------------------------------------------------------+-----
Fighting       | 4 5 6 7 8 10 11 12 13 14 15 16 17 18 19 20 22 | 22.5
Axes           | 4 5 6 8 10 12 13 15 16 17 18 | 18.0
Spellcasting   | 2 3 5 6 7 8 9 10 11 13 14 | 14.0
Fire Magic     | 4 5 6 7 |  7.0
Evocations     | 1 4 5 6 9 |  9.0
Shields        | 1 4 6 8 9 10 11 13 14 15 16 17 18 19 20 | 20.3
Translocations | 4 |  4.0
Stealth        | 3 7 8 11 12 | 12.0
Invocations    | 3 5 7 8 10 11 12 | 12.0
Conjurations   | 3 6 8 9 11 13 14 15 16 17 20 | 20.4
Transmutations | 3 6 8 |  8.0
Poison Magic   | 4 |  4.0
Dodging        | 1 4 5 6 8 9 10 11 12 | 12.0
Armour         | 4 5 7 8 |  8.0
Earth Magic    | 5 8 11 12 14 18 | 18.0
Air Magic      | 4 |  4.4

Action                     |  1- 3 |  4- 6 |  7- 9 | 10-12 | 13-15 | 16-18 | 19-21 | 22-24 | 25-27 || total
---------------------------+-------+-------+-------+-------+-------+-------+-------+-------+-------++-------
  Melee: Hand axe          |    46 |    26 |   157 |   148 |    41 |       |       |       |       ||   418
         Punch             |     1 |       |     2 |     2 |       |       |       |       |       ||     5
         Broad axe         |       |       |       |   249 |   777 |   776 |   732 |   750 |  1438 ||  4722
         Constrict         |       |       |       |       |   160 |   194 |   185 |   137 |   217 ||   893
   Cast: Scorch            |    15 |    51 |   161 |   252 |   131 |    74 |     5 |       |       ||   689
         Foxfire           |       |       |     7 |    35 |    60 |    94 |     5 |       |       ||   201
         Poisonous Vapours |       |       |       |       |    23 |   460 |   259 |    94 |     8 ||   844
         Mephitic Cloud    |       |       |       |       |       |    28 |    44 |    17 |       ||    89
         Irradiate         |       |       |       |       |       |     3 |     6 |       |    11 ||    20
         Fireball          |       |       |       |       |       |    27 |    33 |    38 |    14 ||   112
         Apportation       |       |       |       |       |       |     2 |     1 |       |     7 ||    10
         Blink             |       |       |       |       |       |     1 |       |     3 |       ||     4
         Ignite Poison     |       |       |       |       |       |       |    65 |    42 |     2 ||   109
         Orb of Destructio |       |       |       |       |       |       |    42 |    55 |   121 ||   218
         Iron Shot         |       |       |       |       |       |       |       |    34 |   190 ||   224
         Lesser Beckoning  |       |       |       |       |       |       |       |       |    31 ||    31
         Lehudib's Crystal |       |       |       |       |       |       |       |       |    17 ||    17
         Conjure Ball Ligh |       |       |       |       |       |       |       |       |     9 ||     9
         Animate Armour    |       |       |       |       |       |       |       |       |     5 ||     5
         Passwall          |       |       |       |       |       |       |       |       |     1 ||     1
 Invoke: Fiery Armour      |       |       |     2 |     4 |     1 |       |       |       |       ||     7
         Slouch            |       |       |       |       |       |     2 |     2 |     5 |    13 ||    22
         Step From Time    |       |       |       |       |       |       |       |     1 |     1 ||     2
Ability: Spit Poison       |    21 |    22 |    45 |    36 |    63 |    27 |    29 |    11 |    12 ||   266
         Evoke Invisibilit |       |       |       |       |     2 |       |       |       |       ||     2
  Evoke: Wand              |       |       |       |     2 |     5 |     7 |     9 |    10 |    11 ||    44
         Box of beasts     |       |       |       |       |       |     1 |       |       |       ||     1
         Tin of tremorston |       |       |       |       |       |       |     4 |     2 |     1 ||     7
         Phial of floods   |       |       |       |       |       |       |     1 |       |       ||     1
         Condenser vane    |       |       |       |       |       |       |       |     1 |     1 ||     2
    Use: Potion            |       |     3 |       |     2 |     1 |     3 |     2 |    19 |    22 ||    52
         Scroll            |       |       |    14 |    10 |    21 |     4 |     9 |    11 |    28 ||    97
   Stab: Invisible         |       |       |       |       |     6 |       |       |       |     2 ||     8
         Sleeping          |       |       |       |       |     4 |     3 |     7 |     5 |     5 ||    24
         Confused          |       |       |       |       |       |    15 |    23 |     8 |       ||    46
         Distracted        |       |       |       |       |       |     1 |     5 |     7 |     5 ||    18
 Armour: Robe              |    10 |    17 |   149 |    64 |       |       |    75 |   107 |       ||   422
         Leather armour    |       |       |       |   182 |   208 |   209 |    81 |       |       ||   680
         Skin              |       |       |       |    12 |     1 |       |       |       |       ||    13
         Troll leather arm |       |       |       |       |   103 |       |       |       |       ||   103
         Ice dragon scales |       |       |       |       |       |    29 |       |       |       ||    29
         Ring mail         |       |       |       |       |       |     8 |       |       |       ||     8
         Storm dragon scal |       |       |       |       |       |       |       |   116 |   442 ||   558
  Dodge: Dodged            |    27 |    17 |    98 |   123 |   136 |   168 |   145 |   203 |   293 ||  1210
         Repelled          |       |       |       |       |       |     9 |     1 |     5 |    28 ||    43
  Block: Kite shield       |       |       |       |   199 |   643 |   773 |   538 |   295 |   732 ||  3180
         Reflection        |       |       |       |     2 |    65 |    47 |    88 |    43 |    27 ||   272
         Tower shield      |       |       |       |       |       |       |       |   614 |   751 ||  1365

Table legend: (Time is in decaauts)
 A = Elapsed time spent in this place.
 B = Non-inter-level travel time spent in this place.
 C = Inter-level travel time spent in this place.
 D = Time resting spent in this place.
 E = Time spent auto-exploring this place.
 F = Levels seen in this place.
 G = Mean time per level.
                   A        B        C        D        E       F      G
               +--------+--------+--------+--------+--------+-----+--------+
         Total | 170629 | 143055 |  27574 |  40518 |  74029 |  63 | 2708.4 |
       Dungeon |  42188 |  31212 |  10976 |   5771 |  20273 |  15 | 2812.5 |
        Temple |    101 |     60 |     41 |      0 |     39 |   1 |  101.0 |
          Lair |  12019 |   9701 |   2318 |   2802 |   4717 |   5 | 2403.8 |
        Shoals |  11575 |  10685 |    890 |   2995 |   5556 |   4 | 2893.8 |
   Spider Nest |  11410 |  10534 |    876 |   3861 |   4576 |   4 | 2852.5 |
  Orcish Mines |   4234 |   3155 |   1079 |    534 |   2097 |   2 | 2117.0 |
   Elven Halls |  10870 |   8503 |   2367 |   2341 |   4189 |   3 | 3623.3 |
        Vaults |  29224 |  25614 |   3610 |   7994 |  13776 |   5 | 5844.8 |
         Crypt |  11152 |  10171 |    981 |   2699 |   4866 |   3 | 3717.3 |
        Depths |  16419 |  13564 |   2855 |   3981 |   7452 |   4 | 4104.8 |
           Zot |  16931 |  15352 |   1579 |   5984 |   5742 |   5 | 3386.2 |
         Abyss |    672 |    672 |      0 |     28 |     30 |   3 |  224.0 |
      Ziggurat |   1164 |   1164 |      0 |    640 |      0 |   7 |  166.3 |
       Ossuary |    546 |    546 |      0 |    246 |    139 |   1 |  546.0 |
      Ice Cave |   2116 |   2116 |      0 |    638 |    571 |   1 | 2116.0 |
               +--------+--------+--------+--------+--------+-----+--------+

Top non-repeatable levels by time:
Vaults:3: 8174 daAuts
   Zot:5: 6356 daAuts
Vaults:1: 6105 daAuts
Vaults:4: 5889 daAuts
 Crypt:3: 5689 daAuts
Depths:3: 5085 daAuts
Vaults:2: 5004 daAuts
    D:12: 4878 daAuts
   Elf:1: 4641 daAuts
Depths:2: 4304 daAuts
   Zot:1: 4064 daAuts
    D:13: 4054 daAuts
Vaults:5: 4050 daAuts
Shoals:4: 3930 daAuts
    D:10: 3839 daAuts
